cohdb
Replays
Latest Replays
All Replays
Popular Replays
Top Player Replays
Match Explorer
How It Works
Community
CoH3 Stats
Reddit
Sign in to upload your games and track your stats! →
Sign in with Steam
Match 28400965
Unlisted
Match 28400965
Overview
Messages
Build Orders
End
Selects Armored Battlegroup
Selects Assault Engineers
Assault Engineer Squad
Construct Barracks
Riflemen Squad
Riflemen Squad
Riflemen Squad
Air Support Center
Construct Weapon Support Center
Construct Medical Station
M1919 Machine Gun Team
P-47 Strafing Run
Bazooka Squad
M1919 Machine Gun Team
Construct Tank Depot
Riflemen Squad
Riflemen Squad
Selects Fast Deploy
Selects M8 Scott SPG
Selects UNKNOWN (2160077)
M4A3E8 Sherman Easy Eight
Riflemen Squad
Selects Field Repairs
Field Repairs
M4A3E8 Sherman Easy Eight
P-47 Dive Bomb
Field Repairs
CorruptCornflake
^3
0
0
Comments
sign in to comment!
No comments posted yet!